TOP OF THE 1ST |
Palm Beach Cardinals batting - Pitching for Daytona Tortugas : RHP Matt Johnson
|
Pitching: RHP Matt Johnson
|
|
Batting: RHB Josh Broome
|
0-0: Called Strike 0-1: Foul Ball, location: 2F 0-2: Ball 1-2: Ball 2-2: Strikes out swinging
|
Batting: RHB Immel Kamuzu
|
0-0: Ball 1-0: Called Strike 1-1: Ball 2-1: Ball 3-1: Foul Ball, location: 2F 3-2: DOUBLE (Line Drive, 78D, EV 106.2 MPH)
|
Batting: LHB Billy Guzman
|
0-0: Ball 1-0: Fly out, F4 (Popup, 4, EV 51.9 MPH)
|
Batting: RHB Mark Marks
|
0-0: Called Strike 0-1: Ball 1-1: Ball 2-1: Foul Ball, location: 2F 2-2: Ball 3-2: Base on Balls
|
Batting: SHB Justin Houser
|
0-0: Fielders Choice at 2nd, U6 (Groundball, 6M, EV 105.0 MPH)
|
Top of the 1st over - 0 runs, 1 hit, 0 errors, 2 left on base; Palm Beach 0 - Daytona 0 |
BOTTOM OF THE 1ST |
Daytona Tortugas batting - Pitching for Palm Beach Cardinals : LHP Ed Gates
|
Pitching: LHP Ed Gates
|
|
Batting: SHB Bryan Johnston
|
0-0: SINGLE (Line Drive, 8LS, EV 100.6 MPH)
|
Batting: LHB Leo Gomez
|
0-0: Fielders Choice at 2nd, 3-6 (Groundball, 3, EV 106.9 MPH)
|
Batting: RHB Ryan Short
|
0-0: Ball Leo Gomez steals 2nd base (no throw) 1-0: Ball 2-0: Reached on error, E5 (Groundball, 56, EV 106.9 MPH) Leo Gomez to third
|
Batting: RHB Ben Hinman
|
0-0: Called Strike 0-1: Ball 1-1: Ground out 6-3 (Groundball, 6M, EV 100.6 MPH) Leo Gomez scores Ryan Short to second
|
Batting: LHB Matthew Berry
|
0-0: Called Strike 0-1: Ball 1-1: Ball 2-1: Ball 3-1: Called Strike 3-2: Fly out, F9 (Line Drive, 9S, EV 100.0 MPH)
|
Bottom of the 1st over - 1 run, 1 hit, 1 error, 1 left on base; Palm Beach 0 - Daytona 1 |
TOP OF THE 2ND |
Palm Beach Cardinals batting - Pitching for Daytona Tortugas : RHP Matt Johnson
|
Batting: RHB Tyler Walker
|
0-0: Called Strike 0-1: Ball 1-1: Ball 2-1: Foul Ball, location: 2F 2-2: Ball 3-2: Strikes out looking
|
Batting: LHB Travis Ruppel
|
0-0: Foul Ball, location: 2F 0-1: Called Strike 0-2: Ball 1-2: Ball 2-2: Fly out, F7 (Flyball, 7D, EV 81.2 MPH)
|
Batting: RHB Tommy Tracy
|
0-0: Ball 1-0: Swinging Strike 1-1: Ball 2-1: Foul Ball, location: 2F 2-2: Strikes out swinging
|
Top of the 2nd over - 0 runs, 0 hits, 0 errors, 0 left on base; Palm Beach 0 - Daytona 1 |
BOTTOM OF THE 2ND |
Daytona Tortugas batting - Pitching for Palm Beach Cardinals : LHP Ed Gates
|
Batting: RHB Matt Silva
|
0-0: SINGLE (Groundball, 56S, EV 71.2 MPH) (infield hit)
|
Batting: RHB Tim Walter
|
0-0: Ball 1-0: Called Strike 1-1: Ball Matt Silva steals 2nd base 2-1: Ball 3-1: Swinging Strike 3-2: SINGLE (Groundball, 6S, EV 71.2 MPH) (infield hit) Matt Silva to third
|
Batting: LHB Nick Nino
|
0-0: Ball 1-0: Called Strike 1-1: Called Strike Tim Walter steals 2nd base 1-2: Ball 2-2: Foul Ball, location: 2F 2-2: SINGLE (Groundball, 4MS, EV 66.9 MPH) (infield hit) Matt Silva scores Tim Walter to third
|
Batting: RHB Bill Hainey
|
0-0: Ball 1-0: Called Strike Nick Nino is caught stealing 2nd base 2-4 1-1: Ball 2-1: Ball 3-1: Swinging Strike 3-2: Fly out, F9 (Flyball, 89D, EV 93.1 MPH) Runner from 3rd tags up, SCORES, throw by RF
|
Batting: SHB Bryan Johnston
|
0-0: Called Strike 0-1: Swinging Strike 0-2: Ground out 1-3 (Groundball, 13S, EV 72.5 MPH)
|
Bottom of the 2nd over - 2 runs, 3 hits, 0 errors, 0 left on base; Palm Beach 0 - Daytona 3 |
TOP OF THE 3RD |
Palm Beach Cardinals batting - Pitching for Daytona Tortugas : RHP Matt Johnson
|
Batting: RHB Ben Politi
|
0-0: Ball 1-0: Called Strike 1-1: Fly out, F8 (Line Drive, 8RD, EV 98.1 MPH)
|
Batting: RHB Josh Broome
|
0-0: Called Strike 0-1: Called Strike 0-2: Ball 1-2: Ball 2-2: Fly out, F7 (Flyball, 78M, EV 87.5 MPH)
|
Batting: RHB Immel Kamuzu
|
0-0: Ball 1-0: Called Strike 1-1: Swinging Strike 1-2: Strikes out swinging
|
Top of the 3rd over - 0 runs, 0 hits, 0 errors, 0 left on base; Palm Beach 0 - Daytona 3 |
BOTTOM OF THE 3RD |
Daytona Tortugas batting - Pitching for Palm Beach Cardinals : LHP Ed Gates
|
Batting: LHB Leo Gomez
|
0-0: Ball 1-0: SINGLE (Flyball, 4MD, EV 88.1 MPH)
|
Batting: RHB Ryan Short
|
0-0: Ball 1-0: Called Strike Leo Gomez steals 2nd, throwing error, E2 Leo Gomez to third 1-1: Foul Ball, location: 2F 1-2: Ball 2-2: Foul Ball, location: 2F 2-2: Fly out, F6 (Line Drive, 6, EV 70.6 MPH)
|
Batting: RHB Ben Hinman
|
0-0: Called Strike 0-1: Fly out, F8 (Flyball, 89M, EV 84.4 MPH)
|
Batting: LHB Matthew Berry
|
0-0: Foul Ball, location: 2F 0-1: Ground out 6-3 (Groundball, 56D, EV 87.5 MPH)
|
Bottom of the 3rd over - 0 runs, 1 hit, 1 error, 1 left on base; Palm Beach 0 - Daytona 3 |
TOP OF THE 4TH |
Palm Beach Cardinals batting - Pitching for Daytona Tortugas : RHP Matt Johnson
|
Batting: LHB Billy Guzman
|
0-0: Ball 1-0: Fly out, F7 (Flyball, 78S, EV 75.6 MPH)
|
Batting: RHB Mark Marks
|
0-0: Foul Ball, location: 2F 0-1: Ball 1-1: Ball 2-1: Swinging Strike 2-2: Ball 3-2: Strikes out swinging
|
Batting: SHB Justin Houser
|
0-0: Ball 1-0: Called Strike 1-1: Swinging Strike 1-2: Strikes out swinging, 2-3 out at first.
|
Top of the 4th over - 0 runs, 0 hits, 0 errors, 0 left on base; Palm Beach 0 - Daytona 3 |
BOTTOM OF THE 4TH |
Daytona Tortugas batting - Pitching for Palm Beach Cardinals : LHP Ed Gates
|
Batting: RHB Matt Silva
|
0-0: DOUBLE (Line Drive, 5D, EV 97.5 MPH)
|
Batting: RHB Tim Walter
|
0-0: Fly out, F6 (Line Drive, 6, EV 70.6 MPH)
|
Batting: LHB Nick Nino
|
0-0: Ball 1-0: Swinging Strike 1-1: Foul Ball, location: 2F 1-2: Strikes out swinging
|
Batting: RHB Bill Hainey
|
0-0: Ball 1-0: Ground out 6-3 (Groundball, 56, EV 99.4 MPH)
|
Bottom of the 4th over - 0 runs, 1 hit, 0 errors, 1 left on base; Palm Beach 0 - Daytona 3 |
TOP OF THE 5TH |
Palm Beach Cardinals batting - Pitching for Daytona Tortugas : RHP Matt Johnson
|
Batting: RHB Tyler Walker
|
0-0: Swinging Strike 0-1: SINGLE (Line Drive, 89S, EV 93.1 MPH)
|
Batting: LHB Travis Ruppel
|
0-0: Ball 1-0: Ball 2-0: DOUBLE (Line Drive, 7LS, EV 101.2 MPH) Tyler Walker to third
|
Batting: RHB Tommy Tracy
|
0-0: Ball 1-0: Called Strike 1-1: Swinging Strike 1-2: Foul Ball, location: 2F 1-2: Strikes out swinging
|
Batting: RHB Ben Politi
|
0-0: Ball 1-0: Foul Ball, location: 2F 1-1: Ball 2-1: DOUBLE (Flyball, 89D, EV 97.5 MPH) Tyler Walker scores Travis Ruppel scores
|
Batting: RHB Josh Broome
|
0-0: Called Strike 0-1: Called Strike 0-2: Strikes out looking
|
Batting: RHB Immel Kamuzu
|
0-0: Called Strike 0-1: Foul Ball, location: 2F 0-2: SINGLE (Groundball, 4M, EV 91.2 MPH) (infield hit) Ben Politi to third
|
Batting: LHB Billy Guzman
|
0-0: Foul Ball, location: 2F 0-1: Swinging Strike 0-2: Foul Ball, location: 2F 0-2: Strikes out swinging
|
Top of the 5th over - 2 runs, 4 hits, 0 errors, 2 left on base; Palm Beach 2 - Daytona 3 |
BOTTOM OF THE 5TH |
Daytona Tortugas batting - Pitching for Palm Beach Cardinals : LHP Ed Gates
|
Batting: SHB Bryan Johnston
|
0-0: Called Strike 0-1: Called Strike 0-2: Ball 1-2: Ball 2-2: Ball 3-2: Reached on error, E6 (Groundball, 56D, EV 85.6 MPH)
|
Batting: LHB Leo Gomez
|
0-0: Ball Wild Pitch! Bryan Johnston to second 1-0: Swinging Strike 1-1: Fly out, F7 (Flyball, 7LM, EV 79.4 MPH) Runner from 2nd tags up, OUT at 3rd! 7-5
|
Batting: RHB Ryan Short
|
0-0: Ball 1-0: Ground out 2-3 (Groundball, 2R, EV 70.6 MPH)
|
Bottom of the 5th over - 0 runs, 0 hits, 1 error, 0 left on base; Palm Beach 2 - Daytona 3 |
TOP OF THE 6TH |
Palm Beach Cardinals batting - Pitching for Daytona Tortugas : RHP Matt Johnson
|
Batting: RHB Mark Marks
|
0-0: Ball 1-0: Ball 2-0: Ball 3-0: Base on Balls
|
Batting: SHB Justin Houser
|
0-0: Ball 1-0: Swinging Strike 1-1: Fielders Choice at 2nd, 4-6 (Groundball, 4D, EV 88.8 MPH)
|
Pitching: RHP Markus Bevan
|
|
Batting: RHB Tyler Walker
|
0-0: Called Strike 0-1: Foul Ball, location: 2F 0-2: Ball Wild Pitch! Justin Houser to second 1-2: Strikes out swinging
|
Batting: LHB Travis Ruppel
|
0-0: Swinging Strike 0-1: Ball 1-1: SINGLE (Groundball, 5D, EV 104.4 MPH) Justin Houser to third Runner from 3rd tries for Home, SAFE, throw by LF to home
|
Batting: RHB Tommy Tracy
|
0-0: Swinging Strike 0-1: Ball 1-1: Swinging Strike 1-2: Foul Ball, location: 2F 1-2: Ball 2-2: Fly out, F9 (Flyball, 9, EV 83.8 MPH)
|
Top of the 6th over - 1 run, 1 hit, 0 errors, 1 left on base; Palm Beach 3 - Daytona 3 |
BOTTOM OF THE 6TH |
Daytona Tortugas batting - Pitching for Palm Beach Cardinals : LHP Ed Gates
|
Batting: RHB Ben Hinman
|
0-0: Ball 1-0: Foul Ball, location: 2F 1-1: Ball 2-1: SINGLE (Groundball, 6MD, EV 106.2 MPH)
|
Batting: LHB Matthew Berry
|
0-0: Ball 1-0: SINGLE (Line Drive, 4D, EV 109.4 MPH) Ben Hinman to second
|
Pinch Runner at 2nd Jake Savell:
|
|
Batting: RHB Matt Silva
|
0-0: Ball 1-0: Called Strike 1-1: Ball Jake Savell steals 3rd base 2-1: Ball Matthew Berry steals 2nd, throwing error, E2 Jake Savell scores Matthew Berry to third 3-1: Foul Ball, location: 2F 3-2: Ground out 4-3 (Groundball, 4, EV 82.5 MPH)
|
Pitching: RHP Ricky Enriquez
|
|
Batting: RHB Tim Walter
|
0-0: Swinging Strike 0-1: Called Strike 0-2: Ball 1-2: Ball 2-2: Strikes out swinging
|
Batting: LHB Nick Nino
|
0-0: Called Strike 0-1: Called Strike 0-2: Strikes out swinging
|
Bottom of the 6th over - 1 run, 2 hits, 1 error, 1 left on base; Palm Beach 3 - Daytona 4 |
TOP OF THE 7TH |
Palm Beach Cardinals batting - Pitching for Daytona Tortugas : RHP Markus Bevan
|
Pitching: LHP Keith Egan
|
|
Now at 1B: John Galluzzo
|
|
Now at 2B: Ryan Short
|
|
Now at 3B: Fernando Gomez
|
|
Now at SS: Yasusaburo Kuwahara
|
|
Now in CF: Nick Nino
|
|
Batting: RHB Ben Politi
|
0-0: Ball 1-0: Foul Ball, location: 2F 1-1: Ball 2-1: Foul Ball, location: 2F 2-2: Strikes out swinging
|
Batting: RHB Josh Broome
|
0-0: Called Strike 0-1: Ball 1-1: Foul Ball, location: 2F 1-2: Foul Ball, location: 2F 1-2: Strikes out looking
|
Batting: RHB Immel Kamuzu
|
0-0: Foul Ball, location: 2F 0-1: Ball 1-1: Ball 2-1: Ball 3-1: Base on Balls
|
Batting: LHB Billy Guzman
|
0-0: Called Strike 0-1: Ball 1-1: Ball 2-1: Swinging Strike 2-2: Ground out 6-3 (Groundball, 6MS, EV 71.9 MPH)
|
Top of the 7th over - 0 runs, 0 hits, 0 errors, 1 left on base; Palm Beach 3 - Daytona 4 |
BOTTOM OF THE 7TH |
Daytona Tortugas batting - Pitching for Palm Beach Cardinals : RHP Ricky Enriquez
|
Batting: RHB Bill Hainey
|
0-0: Ball 1-0: Ground out 6-3 (Groundball, 56D, EV 83.1 MPH)
|
Batting: SHB Bryan Johnston
|
0-0: Ball 1-0: Foul Ball, location: 2F 1-1: Foul Ball, location: 2F 1-2: Foul Ball, location: 2F 1-2: Ball 2-2: Ball 3-2: SINGLE (Groundball, 34, EV 97.5 MPH)
|
Batting: LHB Fernando Gomez
|
0-0: Called Strike 0-1: Called Strike 0-2: Ball 1-2: Ball 2-2: Foul Ball, location: 2F 2-2: Foul Ball, location: 2F 2-2: Ball 3-2: Fielders Choice at 2nd, 5-4 (Groundball, 56, EV 85.6 MPH)
|
Batting: RHB Ryan Short
|
0-0: Ball Fernando Gomez steals 2nd base 1-0: Fly out, F9 (Flyball, 89D, EV 95.0 MPH)
|
Bottom of the 7th over - 0 runs, 1 hit, 0 errors, 1 left on base; Palm Beach 3 - Daytona 4 |
TOP OF THE 8TH |
Palm Beach Cardinals batting - Pitching for Daytona Tortugas : LHP Keith Egan
|
Pitching: RHP Giovonni Morgia
|
|
Batting: RHB Mark Marks
|
0-0: Ball 1-0: Ball 2-0: Ball 3-0: Base on Balls
|
Batting: SHB Justin Houser
|
0-0: Ball 1-0: Foul Ball, location: 2F 1-1: Ball 2-1: Called Strike 2-2: Strikes out looking
|
Batting: RHB Tyler Walker
|
0-0: Ball 1-0: Ball 2-0: Foul Ball, location: 2F 2-1: DOUBLE (Flyball, 9LD, EV 105.0 MPH) Mark Marks to third Runner from 3rd tries for Home, SAFE, no throw by RF
|
Batting: LHB Travis Ruppel
|
0-0: Intentional Walk
|
Batting: RHB Tommy Tracy
|
0-0: Ball 1-0: Fly out, F4 (Flyball, 6MD, EV 90.6 MPH)
|
Batting: RHB Ben Politi
|
0-0: Ball 1-0: Swinging Strike 1-1: SINGLE (Line Drive, 4D, EV 94.4 MPH) Tyler Walker to third Travis Ruppel to second
|
Batting: RHB Josh Broome
|
0-0: Ball 1-0: Ball 2-0: Fly out, F7 (Flyball, 78D, EV 98.1 MPH)
|
Top of the 8th over - 1 run, 2 hits, 0 errors, 3 left on base; Palm Beach 4 - Daytona 4 |
BOTTOM OF THE 8TH |
Daytona Tortugas batting - Pitching for Palm Beach Cardinals : RHP Ricky Enriquez
|
Pitching: RHP Mike Pemble
|
|
Batting: RHB John Galluzzo
|
0-0: Called Strike 0-1: Ball 1-1: Foul Ball, location: 2F 1-2: Ball 2-2: Foul Ball, location: 2F 2-2: Ball 3-2: Foul Ball, location: 2F 3-2: Ground out 6-3 (Groundball, 6, EV 85.0 MPH)
|
Batting: LHB Matthew Berry
|
0-0: Swinging Strike 0-1: Ball 1-1: Ball 2-1: Ball 3-1: Swinging Strike 3-2: SINGLE (Groundball, 4MD, EV 102.5 MPH)
|
Pinch Hitting: LHB Brian Dickeson
|
0-0: Ball 1-0: Ball 2-0: Fly out, F8 (Flyball, 8RS, EV 85.0 MPH)
|
Pinch Hitting: SHB Alex Morales
|
0-0: Called Strike 0-1: Foul Ball, location: 2F 0-2: Ball Wild Pitch! Matthew Berry to second 1-2: Ball 2-2: Fly out, F7 (Flyball, 7, EV 96.9 MPH)
|
Bottom of the 8th over - 0 runs, 1 hit, 0 errors, 1 left on base; Palm Beach 4 - Daytona 4 |
TOP OF THE 9TH |
Palm Beach Cardinals batting - Pitching for Daytona Tortugas : RHP Giovonni Morgia
|
Pitching: RHP Justin Ambrose
|
|
Now at 2B: Alex Morales
|
|
Now at SS: Ryan Short
|
|
Now in RF: R.J. Romberg
|
|
Batting: RHB Immel Kamuzu
|
0-0: Ball 1-0: Ball 2-0: Foul Ball, location: 2F 2-1: Foul Ball, location: 2F 2-2: Fly out, F9 (Flyball, 89D, EV 87.5 MPH)
|
Batting: LHB Billy Guzman
|
0-0: Foul Ball, location: 2F 0-1: Foul Ball, location: 2F 0-2: Strikes out swinging
|
Batting: RHB Mark Marks
|
0-0: Called Strike 0-1: Swinging Strike 0-2: Foul Ball, location: 2F 0-2: Strikes out swinging
|
Top of the 9th over - 0 runs, 0 hits, 0 errors, 0 left on base; Palm Beach 4 - Daytona 4 |
BOTTOM OF THE 9TH |
Daytona Tortugas batting - Pitching for Palm Beach Cardinals : RHP Mike Pemble
|
Pitching: RHP Danny Cook
|
|
Batting: LHB Nick Nino
|
0-0: Called Strike 0-1: Fly out, F9 (Flyball, 9D, EV 106.9 MPH)
|
Pinch Hitting: RHB Dusty Pollert
|
0-0: Swinging Strike 0-1: Foul Ball, location: 2F 0-2: Ball 1-2: Ball 2-2: Ground out U3 (Groundball, 3, EV 100.6 MPH)
|
Batting: SHB Bryan Johnston
|
0-0: Ball 1-0: Foul Ball, location: 2F 1-1: Foul Ball, location: 2F 1-2: SINGLE (Flyball, 3D, EV 88.8 MPH)
|
Batting: LHB Fernando Gomez
|
0-0: Called Strike 0-1: Swinging Strike 0-2: Strikes out swinging
|
Bottom of the 9th over - 0 runs, 1 hit, 0 errors, 1 left on base; Palm Beach 4 - Daytona 4 |
TOP OF THE 10TH |
Palm Beach Cardinals batting - Pitching for Daytona Tortugas : RHP Justin Ambrose
|
Now at C: Mark Ortner
|
|
Batting: SHB Justin Houser
|
0-0: Ball 1-0: Fly out, F7 (Line Drive, 78M, EV 92.5 MPH)
|
Batting: RHB Tyler Walker
|
0-0: Foul Ball, location: 2F 0-1: Ball 1-1: Ball 2-1: Called Strike 2-2: Strikes out swinging
|
Batting: LHB Travis Ruppel
|
0-0: Swinging Strike 0-1: Foul Ball, location: 2F 0-2: Ball 1-2: Foul Ball, location: 2F 1-2: Ball 2-2: Ground out 4-3 (Groundball, 4MS, EV 85.0 MPH)
|
Top of the 10th over - 0 runs, 0 hits, 0 errors, 0 left on base; Palm Beach 4 - Daytona 4 |
BOTTOM OF THE 10TH |
Daytona Tortugas batting - Pitching for Palm Beach Cardinals : RHP Danny Cook
|
Pitching: RHP Pabiyan Vetlitsky
|
|
Batting: RHB Ryan Short
|
0-0: Called Strike 0-1: Foul Ball, location: 2F 0-2: Ball 1-2: Foul Ball, location: 2F 1-2: Ground out 6-3 (Groundball, 6, EV 89.4 MPH)
|
Batting: RHB John Galluzzo
|
0-0: Ball 1-0: Ground out 6-3 (Groundball, 6, EV 77.5 MPH)
|
Batting: LHB Matthew Berry
|
0-0: Foul Ball, location: 2F 0-1: Fly out, F8 (Flyball, 8RD, EV 99.4 MPH)
|
Bottom of the 10th over - 0 runs, 0 hits, 0 errors, 0 left on base; Palm Beach 4 - Daytona 4 |
TOP OF THE 11TH |
Palm Beach Cardinals batting - Pitching for Daytona Tortugas : RHP Justin Ambrose
|
Pitching: RHP Joe Green
|
|
Batting: RHB Tommy Tracy
|
0-0: Called Strike 0-1: SINGLE (Groundball, 6MD, EV 105.6 MPH)
|
Batting: RHB Ben Politi
|
0-0: Sac Bunt to 23 - play at first, batter OUT! 3-4 Tommy Tracy to second
|
Batting: RHB Josh Broome
|
0-0: Ball 1-0: Swinging Strike 1-1: Ground out U3 (Groundball, 34S, EV 90.6 MPH) Tommy Tracy to third
|
Batting: RHB Immel Kamuzu
|
0-0: Called Strike 0-1: Ground out 6-3 (Groundball, 6, EV 104.4 MPH)
|
Top of the 11th over - 0 runs, 1 hit, 0 errors, 1 left on base; Palm Beach 4 - Daytona 4 |
BOTTOM OF THE 11TH |
Daytona Tortugas batting - Pitching for Palm Beach Cardinals : RHP Pabiyan Vetlitsky
|
Batting: RHB R.J. Romberg
|
0-0: Foul Ball, location: 2F 0-1: Ball 1-1: SINGLE (Flyball, 3D, EV 95.0 MPH)
|
Batting: SHB Alex Morales
|
0-0: Foul Ball, location: 2F 0-1: Ball 1-1: Ball 2-1: Ball 3-1: Ground out 6-3 (Groundball, 4, EV 103.8 MPH) R.J. Romberg to second
|
Batting: LHB Nick Nino
|
0-0: Intentional Walk
|
Pinch Runner at 2nd Kevin Larsen:
|
|
Pinch Hitting: LHB Brian Snyder
|
0-0: Ball 1-0: Single, Error in OF, E9, batter to second base (Groundball, 34D, EV 106.9 MPH) Kevin Larsen scores
|
Bottom of the 11th over - 1 run, 2 hits, 1 error, 2 left on base; Palm Beach 4 - Daytona 5 |
|